 Dungeon Crawl Stone Soup version 0.23.2-1-ga50397a (webtiles) character file.

Game seed: 4929866374519553664

16 IBeShadow the Caller (level 2, 0/23 HPs)
             Began as a Draconian Summoner on May 15, 2019.
             Slain by a jackal (3 damage)
             ... on level 1 of the Dungeon.
             The game lasted 00:00:57 (551 turns).

IBeShadow the Caller (Draconian Summoner)            Turns: 551, Time: 00:00:57

Health: 0/23       AC:  4    Str: 10    XL:     2   Next: 37%
Magic:  2/5        EV: 12    Int: 15    God:
Gold:   0          SH:  0    Dex: 11    Spells: 4/5 levels left

rFire    . . .     SeeInvis .   a - +0 dagger
rCold    . . .     Gourm    .   (no shield)
rNeg     . . .     Faith    .   (armour unavailable)
rPois    .         Spirit   .   (helmet restricted)
rElec    .         Reflect  .   (no cloak)
rCorr    .         Harm     .   (no gloves)
MR       .....                  (no boots)
Stlth    ++........             (no amulet)
HPRegen  0.07/turn              (no ring)
MPRegen  0.09/turn              (no ring)

@: no status effects
A: unfitting armour, cold-blooded, AC +4
a: no special abilities


You were on level 1 of the Dungeon.
You were not hungry.

You visited 1 branch of the dungeon, and saw 1 of its levels.

Inventory:

Hand Weapons
 a - a +0 dagger (weapon)
Jewellery
 e - an uncursed ring of ice
Scrolls
 f - a scroll of remove curse {unknown}
 g - a scroll of identify {unknown}
Potions
 d - a potion of degeneration {unknown}
Comestibles
 b - 3 rations
 c - a chunk of flesh


   Skills:
 + Level 1.1 Fighting
 - Level 1.7 Dodging
 - Level 1.7 Stealth
 + Level 2.3 Spellcasting
 + Level 4.2 Summonings


You had 4 spell levels left.
You knew the following spells:

 Your Spells              Type           Power        Failure   Level  Hunger
a - Summon Small Mammal   Summ           ##..         3%          1    #......

Your spell library contained the following spells:

 Spells                   Type           Power        Failure   Level  Hunger
 Call Imp                 Summ           ##......     6%          2    ###....
 Call Canine Familiar     Summ           ##......     12%         3    ###....
 Summon Guardian Golem    Hex/Summ       #.......     26%         3    ###....
 Summon Ice Beast         Ice/Summ       #.......     65%         4    #####..
 Summon Lightning Spire   Summ/Air       #.......     65%         4    #####..


Dungeon Overview and Level Annotations

Branches:
Dungeon (1/15)

Altars:


Innate Abilities, Weirdness & Mutations

Your plain brown scales are hard. (AC +4)
You cannot fit into any form of body armour.
You are cold-blooded and may be slowed by cold attacks.


Message History

Your bat barely misses the hobgoblin.
The jackal misses you.
The hobgoblin hits you but does no damage.
Casting: Summon Small Mammal (safe; 3% risk of failure)
Confirm with . or Enter, or press ? or * to list all spells.
Okay, then.
Your bat hits the hobgoblin. The bat completely misses your bat.
The bat closely misses you. The hobgoblin hits you with a +0 club.
* * * LOW HITPOINT WARNING * * *
Your rat closely misses the jackal.
The bat misses you.
Your bat misses the bat.
Your rat bites the jackal.
The hobgoblin barely misses you. The bat hits you but does no damage.
Your bat hits the bat.
Casting: Summon Small Mammal (safe; 3% risk of failure)
Confirm with . or Enter, or press ? or * to list all spells.
The bat closely misses your quokka. The bat completely misses your quokka.
The hobgoblin closely misses your bat. The jackal barely misses you.
The jackal barely misses your bat. The bat closely misses your quokka.
Your bat closely misses the hobgoblin.
The bat barely misses your quokka. x2
Your bat barely misses the jackal.
The jackal bites you.
You die...

......# #.##.#
#.##.# .#.####
#.##.# #.##.#
.... #.##.#
#.##.# ##.#
#.##.# #.##.#
#.##. #....#
#.## ###..#
#.. #..#
#.#########..#
#@...........#
#hb..######.##
#hg..†......#
#.br.########
#r#.##
.#######.#.#
...........#
.####.%.#>#
#.....#..#


You could see 2 jackals, a hobgoblin, a bat, a friendly quokka, a friendly bat
and a friendly rat.

Vanquished Creatures
  4 bats (D:1)
  2 giant cockroaches (D:1)
  2 goblins (D:1)
  A hobgoblin (D:1)
  A jackal (D:1)
  2 frilled lizards (D:1)
  2 kobolds (D:1)
  A rat (D:1)
15 creatures vanquished.

Notes
Turn   | Place    | Note
-------+----------+-------------------------------------------
     0 | D:1      | IBeShadow the Draconian Summoner began the quest for the
                  | Orb.
     0 | D:1      | Reached XP level 1. HP: 14/14 MP: 3/3
   294 | D:1      | Reached XP level 2. HP: 20/22 MP: 5/5
   306 | D:1      | Reached skill level 1 in Fighting
   551 | D:1      | Slain by a jackal

Skill      XL: |  1  2 |
---------------+-------+-----
Fighting       | 1 |  1.1
Dodging        | |  1.7
Stealth        | |  1.7
Spellcasting   | |  2.3
Summonings     | |  4.2

Action                   || total
-------------------------++-------
Melee: Dagger            ||    61
       Unarmed           ||     4
       Tailslap          ||     5
 Cast: Summon Small Mamm ||     3
Armor: Skin              ||    29
Dodge: Dodged            ||    57
